Map: Romanticide LE

Players

MarcoMan - Winner!

  • Race: Protoss Protoss
  • League: Master
  • Spawn Location: 5:00

Nolja

  • Race: Terran Terran
  • League: Master
  • Spawn Location: 11:00

VOD

Have the link to the VOD?

Description

Time

  • Played on: Jan. 18, 2021, 9:02 p.m.
  • Length: 18:53
Show
View Real Time Build Order
Export as new Build Order

MarcoMan Protoss - Winner!

Build Orders:  

Get SALT Encoding   

  12  0:00  Probe  
  13  0:12  Probe  
  14  0:20  Pylon  
  14  0:25  Probe  
  15  0:38  Probe  
  15  0:40  Forge  
  16  0:55  Pylon  
  16  1:02  Pylon  
  16  1:07  Pylon  
  16  1:15  Photon Cannon  
  16  1:22  Gateway  
  16  1:26  Probe  
  17  1:39  Probe  
  18  1:47  Pylon  
  18  1:51  Probe  
  19  1:57  Assimilator  
  19  2:01  Assimilator  
  19  2:03  Probe  
  19  2:07  Photon Cannon  
  20  2:13  Cybernetics Core  
  20  2:15  Probe  
  21  2:16  Zealot (Chrono Boost)  
  23  2:27  Probe  
  24  2:38  Photon Cannon  
  24  2:39  Probe  
  25  2:50  Adept  
  27  3:00  Stargate  
  27  3:06  Shield Battery  
  27  3:16  Shield Battery  
  27  3:21  Pylon  
  27  3:31  Shield Battery  
  27  3:34  Void Ray (Chrono Boost)  
  31  3:54  Pylon  
  31  4:01  Void Ray (Chrono Boost)  
  35  4:28  Photon Cannon  
  35  4:33  Fleet Beacon  
  35  5:21  Photon Cannon  
  35  5:23  Probe  
  32  5:30  Tempest (Chrono Boost)  
  37  5:59  Probe  
  37  6:00  Pylon  
  38  6:06  Photon Cannon  
  38  6:19  Tempest (Chrono Boost)  
  43  6:43  Photon Cannon  
  43  6:46  Pylon  
  43  7:03  Tempest (Chrono Boost)  
  45  7:24  Probe  
  46  7:36  Probe  
  47  7:39  Nexus  
  47  7:42  Tempest  
  52  7:48  Shield Battery  
  52  8:19  Pylon  
  52  8:20  Assimilator  
  52  8:24  Assimilator  
  52  8:47  Tempest  
  57  8:51  Photon Cannon  
  57  8:55  Photon Cannon  
  57  8:58  Twilight Council  
  59  9:17  Sentry  
  59  9:30  Probe (Chrono Boost)  
  65  9:37  Oracle  
  63  9:40  Probe (Chrono Boost)  
  63  9:45  Probe (Chrono Boost)  
  64  9:50  Charge (Chrono Boost)  
  65  9:56  Gateway  
  65  10:10  Photon Cannon  
  65  10:12  Shield Battery  
  65  10:38  Pylon  
  65  10:51  Pylon  
  63  11:08  Cybernetics Core  
  61  11:33  Photon Cannon  
  61  11:49  Warp Gate (Chrono Boost)  
  58  12:19  Shield Battery  
  58  12:21  Pylon  
  57  12:34  Gateway  
  57  12:41  Gateway  
  57  12:56  Dark Shrine  
  57  13:14  Gateway  
  57  13:16  Pylon  
  57  13:18  Pylon  
  56  14:09  Dark Templar x4  
  64  14:46  Shadow Stride (Chrono Boost)  
  64  14:47  Dark Templar x3  
  70  14:53  Nexus  
  70  15:10  Pylon  
  70  15:30  Forge  
  70  15:31  Shield Battery  
  70  15:37  Zealot  
  70  15:38  Zealot x2  
  76  16:03  Dark Templar  
  78  16:08  Pylon  
  78  16:10  Pylon  
  78  16:21  Dark Templar  
  80  16:25  Probe  
  80  16:26  Probe  
  82  16:57  Carrier (Chrono Boost)  
  88  17:26  Dark Templar x3  
  92  18:04  Dark Templar  
  92  18:05  Dark Templar  
Show
View Real Time Build Order
Export as new Build Order

Nolja Terran 

Build Orders:  

Get SALT Encoding   

  12  0:00  SCV  
  13  0:12  SCV  
  14  0:17  Supply Depot  
  14  0:24  SCV  
  15  0:29  Refinery  
  15  0:38  SCV  
  16  0:47  Barracks  
  16  0:51  SCV  
  17  1:03  SCV  
  18  1:05  Supply Depot  
  18  1:20  SCV  
  18  1:24  Barracks  
  19  1:35  Marine  
  20  1:40  Bunker  
  20  1:49  Orbital Command  
  20  1:53  Marine  
  20  2:10  Factory  
  20  2:17  SCV  
  21  2:23  Marine  
  21  2:25  Marine  
  21  2:29  SCV  
  24  2:34  Refinery  
  24  2:41  Supply Depot, SCV  
  25  2:48  Barracks Tech Lab  
  25  2:57  Starport  
  25  3:00  Factory Tech Lab  
  25  3:09  Engineering Bay, SCV  
  25  3:22  Cyclone  
  25  3:25  SCV  
  29  3:29  Marine x2  
  29  3:33  Starport Tech Lab  
  31  3:41  Missile Turret  
  31  3:42  Missile Turret  
  31  3:47  SCV  
  32  3:55  Banshee  
  35  4:01  Supply Depot  
  35  4:05  Cloaking Field  
  35  4:11  Marine  
  35  4:25  Cyclone  
  38  4:33  Supply Depot  
  36  4:50  Banshee  
  39  5:00  Cyclone  
  39  5:03  Supply Depot  
  38  5:22  SCV, Marine x2  
  41  5:29  Combat Shield  
  41  5:33  Banshee  
  44  5:40  Marine x2  
  46  5:55  Supply Depot  
  46  5:57  Siege Tank  
  46  5:58  Marine x2  
  51  6:16  Marine x2  
  51  6:26  Starport  
  50  6:34  Marine x2  
  52  6:44  Cyclone  
  55  6:59  Missile Turret  
  55  7:05  Viking  
  52  7:09  Supply Depot  
  52  7:19  Marine  
  52  7:20  Marine  
  47  7:25  Cyclone  
  50  7:37  Marine x2  
  50  7:43  Viking  
  54  7:55  Marine x2  
  53  8:13  Marine  
  48  8:46  Marine x2  
  50  8:53  Viking  
  52  8:58  Widow Mine  
  54  9:04  Marine x2  
  54  9:07  Orbital Command  
  48  9:22  Widow Mine  
  50  9:27  Medivac  
  52  10:28  Orbital Command  
  43  11:31  Refinery  
  43  11:33  Refinery  
  43  11:35  Barracks  
  43  11:36  Barracks  
  41  12:07  Marine x2  
  21  12:24  Marine  
  21  12:25  Marine  
  23  12:42  Marine  
  22  13:58  Barracks Tech Lab  
  22  14:07  Marine x2  
  24  14:25  Marine  
Tags
 
Matchup
PvT
Replay Pack
Weekend
Spawn Locations
Cross Positions
Add a new tag
Caveats
  • Supply blocks, unpowered buildings, or Contaminate may cause inaccurate times.
  • Supply counts are checked every 10 seconds.